 Dungeon Crawl Stone Soup version 0.25.1-2-g60ff931df9 (webtiles) character file.

Game seed: 14460295843856774024

4689 Johnny the Geomancer (level 10, 0/63 HPs)
             Began as a Human Earth Elementalist on Aug 10, 2020.
             Engulfed by a cloud of steam (1 damage)
             ... on level 9 of the Dungeon.
             The game lasted 00:11:34 (10875 turns).

Johnny the Geomancer (Human Earth Elementalist)    Turns: 10875, Time: 00:11:35

Health: 0/63       AC:  5    Str: 16    XL:     10   Next: 72%
Magic:  17/23      EV: 12    Int: 18    God:
Gold:   600        SH:  6    Dex: 13    Spells: 15/28 levels left

rFire    . . .     SeeInvis .   n - +0 spear (venom)
rCold    . . .     Gourm    .   e - +1 buckler {AC+3}
rNeg     . . .     Faith    .   H - +0 robe of Reasonable Brilliance {rPois} (curse)
rPois    +         Spirit   .   (no helmet)
rElec    .         Reflect  .   v - scarf {harm}
rCorr    .         Harm     +   (no gloves)
MR       .....                  (no boots)
Stlth    ++........             f - amulet of the acrobat
HPRegen  0.20/turn              x - +6 ring of strength
MPRegen  0.18/turn              y - ring of wizardry

@: no status effects
A: no striking features
a: no special abilities


You were on level 9 of the Dungeon.
You were not hungry.

You visited 2 branches of the dungeon, and saw 10 of its levels.
You also visited: Ossuary.

You collected 600 gold pieces.

Inventory:

Hand Weapons
 g - a +6 dagger of venom
 n - a +0 spear of venom (weapon)
Missiles
 b - 31 stones (quivered)
Armour
 c - a +0 robe
 e - a +1 buckler of protection (worn)
 v - a scarf of harm (worn)
 C - the +2 ratskin cloak {+Rats rPois rN+ Str-1 Int-1 Dex+1}
   (You found it on level 5 of the Dungeon)

   It affects your strength (-1).
   It affects your intelligence (-1).
   It affects your dexterity (+1).
   It protects you from poison.
   It protects you from negative energy.
 H - the cursed +0 robe of Reasonable Brilliance (worn) {rPois}
   (You found it on level 8 of the Dungeon)

   It protects you from poison.
   It has a curse placed upon it.
 I - a +0 pair of gloves
Jewellery
 f - an amulet of the acrobat (around neck)
 x - a +6 ring of strength (left hand)
 y - a ring of wizardry (right hand)
 F - an uncursed ring of stealth
 K - a cursed -4 ring of intelligence {unknown}
Wands
 s - a wand of random effects (14)
 E - a wand of paralysis (8)
Scrolls
 i - 7 scrolls of teleportation
 p - 2 scrolls of immolation
 q - a scroll of fog
 r - 2 scrolls of magic mapping
 t - a scroll of noise
 u - 7 scrolls of amnesia
 w - 3 scrolls of remove curse
 G - a scroll of fear {unknown}
Potions
 a - a potion of cancellation
 h - 8 potions of flight
 j - 3 potions of curing
 k - 5 potions of haste
 l - a potion of ambrosia {unknown}
 m - 2 potions of lignification {unknown}
 o - a potion of heal wounds {unknown}
 z - a potion of degeneration {unknown}
 A - a potion of invisibility {unknown}
 B - a potion of berserk rage {unknown}
 D - 2 potions of brilliance {unknown}
Comestibles
 d - 18 rations
 J - 5 chunks of flesh


   Skills:
 - Level 2.0 Dodging
 - Level 2.0 Stealth
 - Level 3.4 Shields
 + Level 9.7 Spellcasting
 - Level 1.0 Transmutations
 + Level 10.7 Earth Magic


You had 15 spell levels left.
You knew the following spells:

 Your Spells              Type           Power        Failure   Level  Hunger
a - Sandblast             Erth           #####.       1%          1    None
b - Stone Arrow           Conj/Erth      ####..       1%          3    None
c - Lee's Rapid Deconstr  Erth           #####.....   1%          5    #####..
d - Petrify               Tmut/Erth      ####....     3%          4    ###....

Your spell library contained the following spells:

 Spells                   Type           Power        Failure   Level  Hunger
 Passwall                 Tmut/Erth      ####....     1%          2    None
 Beastly Appendage        Tmut           ##....       2%          1    None
 Sticks to Snakes         Tmut           ##......     3%          2    None
 Spider Form              Tmut/Pois      ##........   9%          3    None
 Ice Form                 Ice/Tmut       ##......     26%         4    ###....
 Blade Hands              Tmut           ##........   52%         5    #####..


Dungeon Overview and Level Annotations

Branches:
Dungeon (9/15)             Temple (1/1) D:6         Ossuary (visited)
   Lair: D:8-11         Orc: D:9-12

Altars:
Ashenzari
Cheibriados
Dithmenos
Elyvilon
Fedhas
Gozag
Hepliaklqana
Kikubaaqudgha
Makhleb
Nemelex Xobeh
Okawaru
Qazlal
Ru
Sif Muna
Trog
Vehumet
Wu Jian
Xom
Yredelemnul
Zin
The Shining One

Shops:
D:6 (


Message History

Press: ? - help, Shift-Dir - straight line, f/p - steam dragon
Aim: a steam dragon (moderately wounded, catching its breath)
The blast of sand hits the steam dragon!
The steam dragon is severely wounded.
b - 32 stones You are engulfed in a cloud of scalding steam.
* * * LOW HITPOINT WARNING * * *
The steam dragon bites you!
* * * LOW HITPOINT WARNING * * *
The steam dragon claws you but does no damage.
Casting: Sandblast (safe; 1% risk of failure)
Confirm with . or Enter, or press ? or * to list all spells.
Aiming: Sandblast (safe; 1% risk of failure)
Press: ? - help, Shift-Dir - straight line, f/p - steam dragon
Aim: a steam dragon (severely wounded, catching its breath)
The blast of sand hits the steam dragon!
You kill the steam dragon!
b - 31 stones You are engulfed in a cloud of scalding steam.
You die...

§_§. ... #.. #
#.. #.##).
.$...#####..#
#.........#
#.#@#.#
#.#.#.#
#.#.#÷#
#..$..#
#..#..#
#.....# #
#.#)#.#
#.##.#)#.###[#
#.....)......#


There were no monsters in sight!

Vanquished Creatures
  A two-headed ogre (D:8)
  A hippogriff (D:8)
  A steam dragon (D:9)
  A hungry ghost (D:8)
  Menkaure (D:4)
  3 ice beasts
  4 orc warriors
  2 black bears
  2 sky beasts (D:6)
  2 ogres
  3 centaurs
  4 bullfrogs
  2 big kobolds (D:8)
  2 gnoll sergeants
  3 scorpions
  5 killer bees (D:7)
  5 wights
  4 crimson imps
  A bullfrog zombie (D:5)
  2 jellies
  7 orc priests
  A hound (D:7)
  A bullfrog skeleton (D:4)
  Terence (D:3)
  4 orc wizards
  A killer bee zombie (D:7)
  3 mummies (Ossuary)
  A hound zombie (D:9)
  A hound skeleton (D:9)
  10 gnolls
  9 adders
  3 adder zombies
  2 dart slugs
  4 leopard geckos
  30 orcs
  2 giant cockroaches
  6 goblins
  9 hobgoblins
  8 jackals
  16 kobolds
  3 quokkas
  6 bats
  5 frilled lizards
  A goblin zombie (Ossuary)
  4 hobgoblin zombies (Ossuary)
  4 kobold zombies (Ossuary)
  A leopard gecko skeleton (D:5)
  2 quokka zombies (Ossuary)
  4 rats
  5 rat zombies (Ossuary)
203 creatures vanquished.

Notes
Turn   | Place    | Note
-------+----------+-------------------------------------------
     0 | D:1      | Johnny the Human Earth Elementalist began the quest for the
                  | Orb.
     0 | D:1      | Reached XP level 1. HP: 13/13 MP: 3/3
   157 | D:1      | Reached XP level 2. HP: 17/19 MP: 0/5
   575 | D:1      | Reached XP level 3. HP: 17/24 MP: 4/6
  1704 | D:2      | Found a faded altar of an unknown god.
  2058 | D:2      | Found a stormy altar of Qazlal.
  2102 | D:3      | Reached XP level 4. HP: 30/30 MP: 8/8
  2118 | D:3      | Reached skill level 1 in Shields
  2279 | D:3      | Noticed Terence
  2290 | D:3      | Killed Terence
  2290 | D:3      | Reached skill level 4 in Earth Magic
  2295 | D:3      | Reached XP level 5. HP: 8/35 MP: 3/9
  3328 | D:4      | Learned a level 3 spell: Stone Arrow
  3348 | D:4      | Noticed an ogre
  3352 | D:4      | Killed an ogre
  3352 | D:4      | Reached XP level 6. HP: 41/41 MP: 7/11
  3850 | D:4      | Noticed a hippogriff
  3850 | D:4      | Noticed an ogre
  3916 | D:4      | Found a snail-covered altar of Cheibriados.
  3916 | D:4      | Found an opulent altar of Gozag.
  3997 | D:4      | Noticed Menkaure
  4004 | D:4      | Killed Menkaure
  4004 | D:4      | Reached skill level 5 in Earth Magic
  4004 | D:4      | Reached XP level 7. HP: 46/46 MP: 8/13
  4404 | D:5      | Entered Level 5 of the Dungeon
  4677 | D:5      | Found the +2 ratskin cloak {+Rats rPois rN+ Str-1 Int-1
                  | Dex+1}
  5411 | D:6      | Found Keithud's Antique Weapon Shop.
  5424 | D:6      | Reached skill level 5 in Spellcasting
  5424 | D:6      | Reached skill level 6 in Earth Magic
  5424 | D:6      | Reached XP level 8. HP: 18/52 MP: 12/15
  5478 | D:6      | Found a sand-covered staircase.
  5487 | Ossuary  | Entered an ossuary
  5901 | D:6      | Found a staircase to the Ecumenical Temple.
  6317 | D:6      | Found an ornate altar of the Wu Jian Council.
  6585 | D:6      | Reached skill level 7 in Earth Magic
  7154 | Temple   | Entered the Ecumenical Temple
  7304 | D:7      | Found an ancient bone altar of Kikubaaqudgha.
  7720 | D:7      | Learned a level 5 spell: Lee's Rapid Deconstruction
  7725 | D:7      | Learned a level 4 spell: Petrify
  7769 | D:7      | Reached XP level 9. HP: 57/57 MP: 13/19
  7824 | D:7      | Reached skill level 8 in Earth Magic
  8663 | D:8      | Reached skill level 9 in Earth Magic
  9075 | D:8      | Reached XP level 10. HP: 45/63 MP: 3/22
  9681 | D:8      | Noticed a two-headed ogre
  9691 | D:8      | Killed a two-headed ogre
  9691 | D:8      | Reached skill level 10 in Earth Magic
  9702 | D:8      | Got a warped robe
  9713 | D:8      | Identified the cursed +0 robe of Reasonable Brilliance
                  | {rPois} (You found it on level 8 of the Dungeon)
  9881 | D:8      | Paralysed by a kobold for 7 turns
 10642 | D:9      | Found a basalt altar of Yredelemnul.
 10869 | D:9      | Found a shadowy altar of Dithmenos.
 10874 | D:9      | HP: 1/63 [steam dragon (10)]
 10875 | D:9      | Engulfed by a cloud of steam

Illustrated notes

Levels and vault maps discovered:
D:1:      noname_arrival_rooms_in_the_neighbourhood, layout_basic
D:2:      layout_loops_ring, nicolae_qazlal_eye_of_the_storm,
          chequers_ecumenical_altar_simple_redux, first_ration
D:3:      layout_basic, uniq_terence
D:4:      layout_loops_ring, gammafunk_temple_overflow_statue,
          lightli_corner_chamber, uniq_menkaure
D:5:      layout_basic
D:6:      layout_layer_cave, overflow_temple_1_default,
          minmay_temple_entry_tees, lightli_ossuary_entry_decrepit_ruins,
          serial_shops, shop
D:7:      layout_rooms, basic_altar
D:8:      minmay_goldmine, layout_cave_pools
D:9:      layout_loops_ring, kennysheep_mini_moat, overflow_temple_1_default,
          david_nohive_1, abandoned_shop, chequers_serial_rivers_micro_b,
          grunt_dithmenos_smoke
Temple:   eino_temple_rhombus

Skill      XL: |  1  2  3  4  5  6  7  8  9 10 |
---------------+-------------------------------+-----
Shields        | 1 2 3 |  3.4
Spellcasting   | 3 4 5 6 8 9 |  9.7
Earth Magic    | 4 5 6 7 9 10 | 10.7
Dodging        | |  2.0
Stealth        | |  2.0
Transmutations | |  1.0

Action                   |  1- 3 |  4- 6 |  7- 9 | 10-12 || total
-------------------------+-------+-------+-------+-------++-------
Melee: Unarmed           |    11 |       |       |       ||    11
       Dagger            |    30 |    47 |   153 |       ||   230
       Spear             |       |       |    23 |    32 ||    55
 Cast: Sandblast         |    24 |    39 |   112 |    30 ||   205
       Stone Arrow       |       |       |    12 |    27 ||    39
       Lee's Rapid Decon |       |       |     5 |     9 ||    14
Evoke: Wand              |       |       |       |     1 ||     1
  Use: Scroll            |       |       |    19 |       ||    19
 Stab: Sleeping          |     4 |     1 |     3 |       ||     8
       Distracted        |       |       |     1 |       ||     1
  Eat: Chunk             |     3 |     7 |    17 |     8 ||    35
Armor: Robe              |     9 |    10 |    11 |     9 ||    39
       Leather armour    |       |       |    43 |       ||    43
Dodge: Dodged            |    37 |    27 |   112 |    32 ||   208
Block: Buckler           |    11 |    10 |    66 |    20 ||   107
